 Dungeon Crawl Stone Soup version 0.16.1-30-g34a7ffa (webtiles) character file.

426 ImaNewbie the Magician (level 6, -1/32 HPs)
             Began as a Deep Elf Ice Elementalist on June 17, 2015.
             Slain by a gnoll
             ... wielding a +0 spear
              (8 damage)
             ... on level 4 of the Dungeon.
             The game lasted 00:24:43 (4151 turns).

ImaNewbie the Magician (Deep Elf Ice Elementalist)  Turns: 4151, Time: 00:24:43

Health: -1/32      AC:  3    Str:  5    XL:     6   Next: 64%
Magic:  21/22      EV: 13    Int: 22    God:
Gold:   232        SH:  0    Dex: 15    Spells: 4 memorised, 8 levels left

rFire  . . .     SeeInvis .     (no weapon)
rCold  . . .     Clarity  .     a - +0 robe
rNeg   + . .     SustAb   .     (no shield)
rPois  .         Gourm    .     (no helmet)
rElec  .         Spirit   .     (no cloak)
rCorr  .         Warding  .     (no gloves)
rMut   .         Stasis   .     v - +0 pair of boots
MR     .....                    (no amulet)
Stlth  ++........               (no ring)
                                o - ring of positive energy

@: not resistant to hostile enchantments, unstealthy
A: no striking features
a: no special abilities


You were on level 4 of the Dungeon.
You were hungry.

You visited 1 branch of the dungeon, and saw 4 of its levels.

You collected 232 gold pieces.

Inventory:

Missiles
 q - 8 poisoned needles
Armour
 a - a +0 robe (worn)
 v - a +0 pair of boots (worn)
Jewellery
 o - a ring of positive energy (left hand)
Magical devices
 p - a wand of digging (1)
Scrolls
 e - 9 scrolls of identify
 k - a scroll of magic mapping
 n - a scroll of noise
Potions
 d - a potion of ambrosia
 g - a potion of brilliance
 l - a potion of cancellation
 m - a potion of restore abilities {unknown}
Books
 b - a book of Frost

   Spells                             Type                      Level
   a - Freeze                         Ice                          1
   b - Throw Frost                    Conjuration/Ice              2
   c - Ozocubu's Armour               Charms/Ice                   3
   d - Throw Icicle                   Conjuration/Ice              4
   e - Summon Ice Beast               Ice/Summoning                4
   f - Condensation Shield            Ice                          4
Comestibles
 c - 4 bread rations
 f - 3 chunks of flesh
 h - 2 fruits
 i - a slice of pizza
 j - 2 beef jerkies


   Skills:
 - Level 2.4 Dodging
 - Level 2.4 Stealth
 + Level 6.8 Spellcasting
 - Level 1.1 Conjurations
 + Level 6.5 Ice Magic


You had 8 spell levels left.
You knew the following spells:

 Your Spells              Type           Power        Failure   Level  Hunger
a - Freeze                Ice            ####         1%          1    None
b - Throw Frost           Conj/Ice       ###...       2%          2    None
c - Ozocubu's Armour      Chrm/Ice       ###.....     10%         3    None
d - Condensation Shield   Ice            #####.....   8%          4    ###....


Dungeon Overview and Level Annotations

Branches:
Dungeon (4/15)
 Temple: D:4-7

Altars:
Makhleb

Annotations:
D:4 Robin


Message History

Confirm with . or Enter, or press ? or * to list all spells.
Aiming: Freeze
Press: ? - help, Shift-Dir - straight line, f - hound
Aim: a hound You freeze the hound.
The hound is severely wounded.
The hound bites you but does no damage.
Casting: Freeze
Confirm with . or Enter, or press ? or * to list all spells.
Aiming: Freeze
Press: ? - help, Shift-Dir - straight line, f/p - hound
Aim: a hound (severely wounded)
You freeze the hound.
You kill the hound!
The quokka bites you.
* * * LOW HITPOINT WARNING * * *
There is a stone staircase leading up here.
The quokka bites you but does no damage.
The gnoll hits you from afar with a spear!
You die...

...## ....# ..g.#
g..g# ###.# #
#.####### #
#g.g.g..#
#########.### ###
.....#......# #@#
..##.#.##.#.####r##
..##.#....#....g..#
..##.###########..#
...............#..#
...#.#########.#..#
...#.....#####.#..#
...#####.......#..#
.....#.#.##########


You could see a gnoll and a quokka.

Vanquished Creatures
  An iguana (D:4)
  2 hounds (D:4)
  An orc priest (D:3)
  5 orc wizards
  Ijyb (D:2)
  3 gnolls (D:2)
  An adder (D:4)
  2 worms (D:2)
  5 giant geckos
  An ooze (D:1)
  9 orcs
  6 hobgoblins
  8 kobolds
  2 quokkas
  6 bats
  6 giant cockroaches
  3 giant newts
  17 goblins
  14 jackals
  6 rats
99 creatures vanquished.

Notes
Turn   | Place    | Note
--------------------------------------------------------------
     0 | D:1      | ImaNewbie, the Deep Elf Ice Elementalist, began the quest for the Orb.
     0 | D:1      | Reached XP level 1. HP: 10/10 MP: 5/5
   385 | D:1      | Reached XP level 2. HP: 12/15 MP: 6/8
   461 | D:1      | You fall through a shaft!
   932 | D:1      | Reached skill level 4 in Ice Magic
  1190 | D:1      | Reached XP level 3. HP: 19/19 MP: 9/11
  1449 | D:2      | Reached XP level 4. HP: 20/24 MP: 2/15
  1580 | D:2      | Noticed Ijyb
  1620 | D:2      | Killed Ijyb
  1689 | D:2      | Found a burning altar of Makhleb.
  1858 | D:2      | Reached skill level 5 in Ice Magic
  2002 | D:2      | Reached skill level 5 in Spellcasting
  2647 | D:3      | Reached XP level 5. HP: 26/28 MP: 16/19
  3176 | D:4      | Learned a level 3 spell: Ozocubu's Armour
  3369 | D:4      | Reached skill level 6 in Spellcasting
  3414 | D:4      | Learned a level 2 spell: Throw Frost
  3477 | D:4      | Reached XP level 6. HP: 12/32 MP: 15/22
  3746 | D:4      | Learned a level 4 spell: Condensation Shield
  4047 | D:4      | Noticed Robin
  4151 | D:4      | Slain by a gnoll

Action                   |  1- 3 |  4- 6 || total
-------------------------+-------+-------++-------
Melee: Unarmed           |     1 |     8 ||     9
 Cast: Freeze            |    55 |   121 ||   176
       Throw Frost       |       |     3 ||     3
       Ozocubu's Armour  |       |     1 ||     1
       Condensation Shie |       |     1 ||     1
  Use: Scroll            |       |     8 ||     8
       Potion            |       |     7 ||     7
  Eat: Chunk             |     1 |     8 ||     9
